 Dungeon Crawl Stone Soup version 0.30-a0-339-g89bb51ec76 (webtiles) character file.

Game seed: 6994193066913654495

483 Muataran the Cleaver (level 7, -2/63 HPs)
             Began as a Hill Orc Monk on Oct 31, 2022.
             Slain by a killer bee (5 damage)
             ... on level 5 of the Dungeon.
             The game lasted 00:07:34 (3923 turns).

Muataran the Cleaver (Hill Orc Monk)                Turns: 3923, Time: 00:07:35

Health: -2/63      AC:  7    Str: 16    XL:     7   Next: 12%
Magic:  7/7        EV: 10    Int: 10    God:
Gold:   227        SH:  0    Dex: 13    Spells: 6/6 levels left

rFire   . . .      SeeInvis .    a - +0 hand axe
rCold   . . .      Faith    .    (no shield)
rNeg    + . .      Spirit   .    r - +1 scale mail {rN+}
rPois   .          Reflect  .    (no helmet)
rElec   .          Harm     .    (no cloak)
rCorr   .          Rampage  .    (no gloves)
Will    .....                    (no boots)
Stlth   ..........               (no amulet)
HPRegen 0.30/turn                (no ring)
MPRegen 0.10/turn                (no ring)

@: lethally poisoned (-2 -> -7)
A: no striking features
a: no special abilities


You were on level 5 of the Dungeon.
You visited 1 branch of the dungeon, and saw 5 of its levels.

You collected 227 gold pieces.

Inventory:

Hand Weapons
 a - a +0 hand axe (weapon)
Missiles
 n - 2 throwing nets (quivered)
Armour
 r - a +1 scale mail of positive energy (worn)
Jewellery
 f - a ring of resist corrosion
 l - a ring of flight
Wands
 b - a wand of paralysis (10)
 p - a wand of digging (4)
 q - a wand of flame (12)
Potions
 c - a potion of degeneration {unknown}
 e - 4 potions of attraction
 h - a potion of flight {unknown}
 i - a potion of mutation
 j - a potion of haste
 m - 4 potions of curing


   Skills:
 + Level 6.1 Fighting
 * Level 8.8 Axes
 - Level 2.4 Dodging
 - Level 1.5 Stealth


You had 6 spell levels left.
You didn't know any spells.
Your spell library was empty.

Dungeon Overview and Level Annotations

Branches:
Dungeon (5/15)
 Temple: D:4-7

Altars:

Shops:
D:2 (


Message History

You hit the hound.
The hound is moderately wounded.
You hit the killer bee.
You feel sick.
The killer bee stings you but does no damage.
The hound barely misses you.
You barely miss the hound.
The hound is moderately wounded.
You closely miss the killer bee.
You feel sick. The killer bee closely misses you.
The hound bites you but does no damage. The killer bee closely misses you.
You hit the hound.
The hound is moderately wounded.
You miss the killer bee. The killer bee stings you.
The hound bites you but does no damage. The killer bee stings you!
The hound bites you but does no damage.
You barely miss the hound.
The hound is moderately wounded.
You barely miss the killer bee.
You feel sick. The killer bee stings you.
You are more poisoned.
The killer bee poisons you! The hound closely misses you.
The killer bee stings you.
You hit the hound but do no damage.
The hound is moderately wounded.
You closely miss the killer bee.
You feel sick. The hound bites you.
* * * LOW HITPOINT WARNING * * *
The killer bee closely misses you.
You closely miss the hound.
The hound is moderately wounded.
You closely miss the killer bee.
You feel sick. The killer bee stings you.
* * * LOW HITPOINT WARNING * * *
The hound bites you.
* * * LOW HITPOINT WARNING * * *
The killer bee stings you but does no damage.
The hound bites you but does no damage.
You miss the killer bee.
The killer bee is lightly wounded.
You closely miss the hound.
You feel sick. The killer bee stings you.
* * * LOW HITPOINT WARNING * * *
The hound bites you but does no damage. The killer bee stings you.
You die...

#...###.# ######.....#.##
..............
h..$#.......# #§.#....
.### #§§#§.# §§☼ §
#§§§☼§####§## §..
#§§§§§§§#§§§# §..
#..#§§§h@y§y# ..#
#..####§☼§§#§y§§.
..#######..# #○§§§§y☼.☼.
...........# #§☼§§§y○§§.
..............○§☼☼§☼y☼§§.
..#.†##......§§§§☼§§§§§§.
.....#......#☼§§§§#§§§○§.
<..###..#...#§☼§§§#§§§§§.
†..# ............


You could see a hound and 6 killer bees.

Vanquished Creatures
  A phantom (D:4)
  A scorpion (D:4)
  2 hounds
  A jelly (D:4)
  Ijyb (D:4)
  Terence (D:3)
  2 orc wizards (D:4)
  Robin (D:2)
  3 adders
  2 ufetubi (D:4)
  A worm (D:2)
  A dart slug (D:3)
  4 orcs
  7 ball pythons
  2 endoplasms
  4 giant cockroaches
  15 goblins
  14 hobgoblins
  15 jackals
  8 kobolds
  4 quokkas
  4 bats
  3 frilled lizards
  2 rats (D:1)
99 creatures vanquished.

Notes
Turn   | Place    | Note
-------+----------+-------------------------------------------
     0 | D:1      | Muataran the Hill Orc Monk began the quest for the Orb.
     0 | D:1      | Reached XP level 1. HP: 19/19 MP: 1/1
   129 | D:1      | Reached XP level 2. HP: 16/27 MP: 2/2
   616 | D:1      | Reached skill level 5 in Axes
   632 | D:1      | Reached XP level 3. HP: 33/33 MP: 3/3
  1115 | D:2      | Noticed Robin
  1142 | D:2      | Killed Robin
  1143 | D:2      | Reached XP level 4. HP: 12/41 MP: 4/4
  1979 | D:2      | Found Ipixun's Antique Weapon Shop.
  2102 | D:3      | Reached skill level 6 in Axes
  2740 | D:3      | Noticed Terence
  2781 | D:3      | Killed Terence
  2782 | D:3      | Reached XP level 5. HP: 24/47 MP: 5/5
  2918 | D:4      | Reached skill level 5 in Fighting
  2918 | D:4      | Reached skill level 7 in Axes
  3151 | D:4      | Noticed a phantom
  3177 | D:4      | Killed a phantom
  3178 | D:4      | Reached XP level 6. HP: 8/56 MP: 6/6
  3346 | D:4      | Reached skill level 8 in Axes
  3421 | D:4      | Noticed Ijyb
  3429 | D:4      | Killed Ijyb
  3545 | D:4      | Reached XP level 7. HP: 43/63 MP: 7/7
  3844 | D:5      | Entered Level 5 of the Dungeon
  3923 | D:5      | HP: 3/63 [killer bee (5)]
  3923 | D:5      | Slain by a killer bee

Illustrated notes

Levels and vault maps discovered:
D:1:      minmay_arrival_arboretum_large, layout_basic
D:2:      layout_basic, serial_shops, nicolae_shop_behind_doors, uniq_robin
D:3:      layout_basic, uniq_terence
D:4:      layout_cave_pools, amcnicky_mini_corridor_feature, uniq_ijyb
D:5:      layout_cave_pools, mainiacjoe_overflow_chevrons, kennysheep_mini,
          gup_sewer_entry_bubbles, hex_large, uniq_sigmund

Skill      XL: |  1  2  3  4  5  6 |
---------------+-------------------+-----
Fighting       | 4 5 6 |  6.1
Axes           | 5 6 7 8 |  8.8
Dodging        | |  2.4
Stealth        | |  1.5

Action                   |  1- 3 |  4- 6 |  7- 9 || total
-------------------------+-------+-------+-------++-------
Melee: Hand axe          |   144 |   269 |    50 ||   463
       Punch             |       |     4 |       ||     4
  Use: Potion            |       |     5 |       ||     5
       Scroll            |       |     2 |     7 ||     9
 Stab: Sleeping          |     1 |       |       ||     1
Armor: Scale mail        |    58 |   116 |    24 ||   198
       Robe              |     1 |       |       ||     1
Dodge: Dodged            |    79 |   123 |    27 ||   229

Table legend: (Time is in decaauts)
 A = Elapsed time spent in this place.
 B = Non-inter-level travel time spent in this place.
 C = Inter-level travel time spent in this place.
 D = Time resting spent in this place.
 E = Time spent auto-exploring this place.
 F = Levels seen in this place.
 G = Mean time per level.
                   A        B        C        D        E       F      G
               +--------+--------+--------+--------+--------+-----+--------+
         Total |   3910 |   3797 |    113 |    339 |   2680 |   5 |  782.0 |
       Dungeon |   3910 |   3797 |    113 |    339 |   2680 |   5 |  782.0 |
               +--------+--------+--------+--------+--------+-----+--------+

Top non-repeatable levels by time:
     D:1: 1037 daAuts
     D:3: 1027 daAuts
     D:2: 970 daAuts
     D:4: 801 daAuts
     D:5: 73 daAuts
